 Dungeon Crawl Stone Soup version 0.20.1-1-g8b1a95d (webtiles) character file.

59 Krapule the Conjurer (level 3, -3/19 HPs)
             Began as a Deep Elf Conjurer on Nov 15, 2017.
             Slain by a bullfrog skeleton (5 damage)
             ... on level 3 of the Dungeon.
             The game lasted 00:05:28 (1699 turns).

Krapule the Conjurer (Deep Elf Conjurer)            Turns: 1699, Time: 00:05:29

Health: -3/19      AC:  3    Str:  5    XL:     3   Next: 78%
Magic:  13/19      EV: 14    Int: 20    God:
Gold:   95         SH:  0    Dex: 15    Spells: 8/9 levels left

rFire    . . .     SeeInvis .   (no weapon)
rCold    . . .     Gourm    .   (no shield)
rNeg     . . .     Faith    .   a - +0 robe
rPois    .         Spirit   .   (no helmet)
rElec    .         Reflect  .   q - +0 cloak
rCorr    .         Harm     .   (no gloves)
MR       .....     Rnd*Tele +   (no boots)
Stlth    ++........             (no amulet)
Regen    0.1/turn               r - ring of magical power
MPRegen  0.2/turn               n - ring of teleportation (curse)

@: no status effects
A: no striking features
a: no special abilities


You were on level 3 of the Dungeon.
You were not hungry.

You visited 1 branch of the dungeon, and saw 3 of its levels.

You collected 95 gold pieces.

Inventory:

Armour
 a - a +0 robe (worn)
 q - a +0 cloak (worn)
Jewellery
 d - an uncursed ring of resist corrosion
 n - a cursed ring of teleportation (right hand)
 r - a ring of magical power (left hand)
Scrolls
 e - a scroll of fear {unknown}
 k - a scroll of remove curse {unknown}
 m - a scroll of teleportation {unknown}
Potions
 f - a potion of haste {unknown}
 g - a potion of agility {unknown}
 h - a potion of curing {unknown}
 l - a potion of mutation {unknown}
 o - a potion of might {unknown}
Books
 b - a book of Conjurations

   Spells                             Type                      Level
   a - Magic Dart                     Conjuration                  1
   b - Searing Ray                    Conjuration                  2
   c - Dazzling Spray                 Conjuration/Hexes            3
   d - Fulminant Prism                Conjuration/Hexes            4
   e - Force Lance                    Conjuration/Translocation    4
   f - Iskenderun's Mystic Blast      Conjuration                  4
Comestibles
 c - 3 bread rations
 i - 6 fruits
 j - a royal jelly
 p - 6 chunks of flesh


   Skills:
 + Level 3.7 Dodging
 - Level 3.2 Stealth
 + Level 3.9 Spellcasting
 + Level 4.6 Conjurations


You had 8 spell levels left.
You knew the following spells:

 Your Spells              Type           Power        Failure   Level  Hunger
a - Magic Dart            Conj           ###.         1%          1    None


Dungeon Overview and Level Annotations

Branches:
Dungeon (3/15)

Altars:

Annotations:
D:2 Sigmund
D:3 Doomgape's ghost, amateur DsWz


Message History

Aim: a bullfrog skeleton (heavily damaged)
The magic dart hits the bullfrog skeleton.
The bullfrog skeleton is severely damaged.
The bullfrog skeleton hits you.
Casting: Magic Dart
Confirm with . or Enter, or press ? or * to list all spells.
Aiming: Magic Dart
Press: ? - help, Shift-Dir - straight line, f/p - bullfrog skeleton
Aim: a bullfrog skeleton (severely damaged)
The magic dart hits the bullfrog skeleton.
The bullfrog skeleton is almost destroyed.
The bullfrog skeleton hits you.
* * * LOW HITPOINT WARNING * * *
The bullfrog skeleton hits you.
* * * LOW HITPOINT WARNING * * *
Things that are here:
a tomahawk; a club; a hobgoblin skeleton The bullfrog skeleton barely misses you.
The bullfrog skeleton hits you.
You die...

##......####...# #.......
##........†..### #.......
##....#####..# #.......
##....#......####### ##
#..<.... g.>##....###........
.# ########
##.####....######### #.# #
............... .># ..
.#........###########..# ...
..........#<....@Z...#.# ....
####################.#.#.....
#(#....... #.........
##(....... .........
###.#..... .#..... .. ####


You could see a bullfrog skeleton.

Vanquished Creatures
  2 gnolls (D:3)
  A worm (D:2)
  A dart slug (D:1)
  3 leopard geckos
  An orc (D:3)
  2 ball pythons (D:1)
  A bat (D:3)
  3 goblins
  9 hobgoblins
  A kobold (D:2)
  A frilled lizard (D:2)
  2 rats (D:3)
27 creatures vanquished.

Notes
Turn   | Place    | Note
-------+----------+-------------------------------------------
     0 | D:1      | Krapule the Deep Elf Conjurer began the quest for the Orb.
     0 | D:1      | Reached XP level 1. HP: 10/10 MP: 6/6
   409 | D:1      | Reached XP level 2. HP: 15/15 MP: 1/8
   869 | D:2      | Noticed Sigmund
  1341 | D:3      | Noticed Doomgape's ghost (amateur DsWz)
  1354 | D:2      | Reached XP level 3. HP: 19/19 MP: 6/10
  1699 | D:3      | Slain by a bullfrog skeleton

Skill      XL: |  1  2 |
---------------+-------+-----
Dodging        | 3 |  3.7
Stealth        | 3 |  3.2
Spellcasting   | |  3.9
Conjurations   | |  4.6

Action                   || total
-------------------------++-------
 Cast: Magic Dart        ||    64
  Eat: Chunk             ||     2
Armor: Robe              ||     1
Dodge: Dodged            ||     3
